Map: Mech Depot LE

Players

uThermal - Winner!

  • Race: Terran Terran
  • Spawn Location: 1:00

Nerchio

  • Race: Zerg Zerg
  • Spawn Location: 7:00

Event: WCS Montreal 2017

VOD

Have the link to the VOD?

Description

Time

  • Played on: Sept. 8, 2017, 6:28 p.m.
  • Length: 12:11

All games in this series

Show
View Real Time Build Order
Export as new Build Order

uThermal Terran - Winner!

Build Orders: Command Center First (CC), Mech 

Get SALT Encoding   

  12  0:01  SCV  
  13  0:14  SCV  
  14  0:18  Supply Depot  
  14  0:26  SCV  
  15  0:39  SCV  
  16  0:52  SCV  
  17  1:00  Command Center  
  17  1:04  SCV  
  18  1:14  Barracks  
  18  1:18  SCV  
  19  1:23  Refinery  
  19  1:30  SCV  
  19  1:31  Refinery  
  20  1:42  SCV  
  22  1:54  SCV  
  22  2:01  Reaper  
  22  2:06  Orbital Command  
  23  2:11  Orbital Command  
  23  2:19  Factory  
  23  2:32  SCV  
  24  2:38  SCV, Barracks Reactor  
  25  2:44  SCV  
  25  2:50  Factory, SCV  
  27  2:56  Supply Depot, SCV  
  28  3:02  SCV  
  28  3:08  SCV  
  28  3:09  Armory  
  29  3:14  SCV  
  29  3:18  Hellion x2  
  34  3:21  Barracks Reactor  
  34  3:23  Supply Depot, SCV  
  34  3:26  SCV  
  36  3:30  Refinery  
  36  3:35  SCV  
  36  3:38  SCV  
  36  3:40  Hellion  
  36  3:41  Hellion  
  42  3:47  Supply Depot, SCV  
  43  3:51  SCV  
  44  3:56  Terran Vehicle Weapons Level 1  
  44  3:59  SCV  
  45  4:03  SCV  
  45  4:07  Cyclone x2  
  52  4:11  Hellion  
  52  4:13  Hellion  
  52  4:15  SCV  
  57  4:22  Supply Depot  
  57  4:23  SCV  
  58  4:24  Supply Depot  
  58  4:28  SCV  
  59  4:33  Cyclone  
  62  4:44  Cyclone x2, Hellion  
  70  4:46  SCV x2  
  70  4:50  Supply Depot  
  70  4:51  Supply Depot  
  72  4:58  SCV x2  
  74  5:05  Cyclone  
  77  5:09  Supply Depot  
  77  5:12  Cyclone  
  80  5:16  Hellion  
  80  5:17  SCV, Hellion  
  85  5:23  SCV  
  86  5:37  Cyclone  
  86  5:40  Cyclone, Command Center  
  86  5:41  Hellion  
  86  5:42  SCV  
  95  5:56  Terran Vehicle And Ship Armor Level 1  
  95  5:58  SCV x2  
  95  6:00  Refinery  
  95  6:01  Factory  
  97  6:05  Hellion x2  
  97  6:09  Supply Depot  
  97  6:10  Supply Depot, SCV  
  102  6:12  Refinery x2  
  102  6:21  Factory  
  102  6:22  Factory  
  102  6:26  SCV  
  102  6:30  SCV  
  99  6:34  Hellion x2  
  99  6:38  SCV  
  104  6:42  SCV  
  104  6:45  Cyclone  
  106  6:50  Cyclone, SCV  
  111  6:54  SCV  
  111  7:00  Cyclone  
  113  7:01  Factory Tech Lab  
  113  7:02  SCV  
  113  7:03  Orbital Command  
  113  7:06  SCV  
  103  7:08  Cyclone  
  103  7:14  SCV  
  93  7:18  SCV  
  93  7:19  Cyclone  
  93  7:21  Factory Tech Lab x2  
  91  7:26  SCV  
  91  7:27  Hellion  
  96  7:30  SCV, Hellion  
  96  7:33  Hellion  
  96  7:39  SCV  
  96  7:41  Siege Tank, Hellion  
  96  7:43  SCV  
  99  7:48  Siege Tank  
  99  7:51  SCV x2  
  94  7:52  Engineering Bay  
  94  7:53  Thor  
  94  7:57  Hellion  
  103  8:01  Terran Vehicle Weapons Level 2  
  103  8:04  Hellion  
  105  8:07  Hellion  
  107  8:15  Siege Tank  
  107  8:17  Missile Turret  
  107  8:19  Missile Turret  
  108  8:20  Hellion x4  
  108  8:21  Missile Turret  
  108  8:25  Missile Turret  
  108  8:26  Siege Tank, Hellion  
  113  8:33  Hellion  
  115  8:34  Supply Depot  
  115  8:35  Supply Depot  
  115  8:36  Supply Depot  
  115  8:40  Barracks Reactor, Hellion x2  
  119  8:45  Starport  
  119  8:51  Siege Tank, Hellion x2  
  126  8:58  Siege Tank  
  126  8:59  Supply Depot  
  126  9:01  Supply Depot, Hellion  
  126  9:02  Hellion  
  133  9:04  Supply Depot  
  133  9:06  Hellion  
  135  9:12  Hellion  
  139  9:23  Supply Depot x2  
  142  9:26  Thor  
  142  9:27  Thor  
  149  9:32  Missile Turret x2  
  149  9:33  Missile Turret  
  151  9:38  Hellion x3  
  151  9:39  Hellion  
  151  9:44  Viking  
  151  9:45  Viking  
  155  9:48  Hellion  
  157  10:04  Command Center, Hellion x2  
  157  10:05  Hellion  
  163  10:09  Siege Tank, Hellion x2  
  170  10:16  Supply Depot, Hellion  
  172  10:26  Hellion x2  
  172  10:28  Hellion  
  178  10:31  Siege Tank  
  181  10:37  Siege Tank, Hellion  
  181  10:41  Thor  
  181  10:42  Missile Turret  
  182  10:45  Missile Turret  
  182  10:49  Infernal Pre-Igniter  
  182  10:52  Viking  
  182  10:55  Viking  
  180  11:02  Thor  
  185  11:08  Hellion x2  
  183  11:16  Siege Tank, Hellion  
  185  11:21  Hellion  
  185  11:22  Viking  
  185  11:24  Siege Tank  
  192  11:25  Viking  
  192  11:30  Refinery, Hellion  
  192  11:31  Missile Turret  
  192  11:32  Planetary Fortress  
  188  11:34  Refinery  
  188  11:36  Hellion  
  190  11:41  Hellion  
  190  11:43  Hellion  
  197  11:48  Hellion  
Show
View Real Time Build Order
Export as new Build Order

Nerchio Zerg 

Build Orders: Pool First, Swarm Host 

Get SALT Encoding   

  12  0:00  Drone  
  13  0:12  Overlord  
  13  0:17  Drone  
  14  0:30  Drone x2  
  14  0:35  Drone  
  17  0:44  Spawning Pool  
  17  0:48  Drone  
  17  1:10  Hatchery  
  16  1:12  Drone  
  16  1:15  Extractor  
  16  1:17  Drone  
  17  1:21  Drone  
  18  1:31  Queen  
  20  1:34  Zergling x2  
  21  1:40  Overlord  
  21  1:49  Drone  
  22  2:01  Drone  
  22  2:06  Queen  
  25  2:10  Drone  
  26  2:17  Metabolic Boost  
  26  2:23  Drone x2  
  26  2:26  Queen  
  30  2:32  Drone  
  30  2:33  Drone  
  32  2:39  Overlord  
  32  2:41  Drone  
  32  2:42  Drone  
  34  2:58  Hatchery  
  33  3:00  Drone  
  33  3:02  Drone  
  33  3:04  Drone  
  36  3:06  Drone  
  36  3:09  Drone  
  36  3:12  Drone  
  39  3:14  Drone  
  39  3:16  Drone  
  39  3:18  Overlord  
  41  3:21  Drone  
  41  3:27  Queen  
  44  3:36  Queen  
  44  3:38  Drone x3  
  44  3:39  Drone  
  50  3:41  Drone  
  50  3:44  Overlord  
  50  3:48  Drone  
  52  3:51  Evolution Chamber  
  51  3:59  Drone  
  52  4:03  Spine Crawler  
  52  4:04  Queen  
  52  4:06  Drone x3  
  52  4:07  Drone  
  56  4:10  Drone x3  
  56  4:12  Drone  
  60  4:18  Queen  
  60  4:20  Overlord  
  62  4:29  Spore Crawler x2  
  62  4:30  Spore Crawler  
  59  4:33  Zergling x2  
  59  4:34  Zergling x4  
  59  4:38  Zerg Ground Armor Level 1  
  62  4:44  Drone x3  
  62  4:45  Drone  
  66  4:46  Drone  
  66  4:47  Drone  
  66  4:48  Drone  
  66  4:50  Spore Crawler  
  66  4:51  Overlord  
  69  4:52  Drone  
  69  4:54  Drone  
  69  4:57  Lair  
  70  5:00  Overlord  
  70  5:04  Drone x3  
  70  5:06  Drone  
  74  5:07  Overlord  
  74  5:15  Drone x2  
  74  5:16  Drone x2  
  74  5:18  Extractor x2, Drone x3  
  74  5:19  Extractor x2, Drone  
  74  5:20  Drone  
  79  5:21  Drone  
  79  5:25  Overlord  
  80  5:33  Baneling Nest, Drone x3  
  80  5:34  Roach Warren  
  80  5:35  Drone  
  82  5:40  Drone x2  
  82  5:41  Drone  
  83  5:52  Extractor  
  83  5:55  Hatchery  
  80  5:59  Queen  
  80  6:02  Overseer  
  82  6:06  Drone  
  83  6:13  Glial Reconstitution  
  83  6:14  Spine Crawler, Roach x4  
  83  6:15  Roach x5, Spine Crawler  
  83  6:17  Roach  
  101  6:21  Roach  
  101  6:22  Zergling x2  
  101  6:24  Overlord  
  104  6:28  Spine Crawler  
  104  6:30  Overlord x2  
  101  6:33  Roach x2  
  101  6:37  Roach  
  105  6:41  Queen  
  105  6:43  Zergling x2  
  105  6:44  Zergling x8  
  111  6:49  Zergling x6  
  111  6:50  Zergling x4  
  111  6:53  Zergling x2  
  105  6:54  Zergling x2  
  105  6:55  Zergling x2  
  105  7:00  Roach  
  103  7:05  Roach x2  
  81  7:09  Roach  
  81  7:10  Roach x3  
  73  7:17  Roach x2  
  73  7:21  Roach  
  71  7:27  Roach x2  
  73  7:33  Roach  
  66  7:40  Roach x4  
  66  7:42  Drone  
  69  7:44  Drone x2  
  69  7:47  Drone  
  69  7:49  Drone  
  65  7:51  Drone  
  65  7:57  Drone  
  65  7:58  Spire  
  66  8:00  Drone  
  66  8:02  Drone  
  66  8:04  Drone  
  69  8:10  Drone x3  
  69  8:11  Drone  
  73  8:15  Drone x2  
  73  8:17  Drone x2  
  73  8:18  Drone  
  78  8:20  Drone  
  78  8:24  Queen  
  81  8:41  Drone x9  
  82  8:42  Queen  
  82  8:46  Overlord  
  92  8:58  Extractor  
  92  8:59  Extractor  
  84  9:15  Mutalisk x6, Zerg Flyer Weapons Level 1  
  84  9:16  Mutalisk x5  
  101  9:18  Mutalisk  
  101  9:21  Mutalisk  
  101  9:26  Mutalisk x2  
  101  9:30  Drone x2  
  107  9:32  Drone  
  107  9:33  Drone  
  107  9:35  Drone  
  107  9:36  Drone  
  111  9:39  Drone x2  
  111  9:40  Drone  
  114  9:45  Mutalisk  
  114  9:49  Drone x3  
  114  9:50  Drone  
  120  9:57  Drone x3  
  123  10:00  Zerg Missile Weapons Level 1  
  123  10:02  Infestation Pit  
  122  10:07  Mutalisk x2  
  122  10:09  Mutalisk  
  122  10:12  Mutalisk  
  130  10:15  Mutalisk  
  130  10:17  Overlord  
  132  10:29  Drone x9  
  132  10:30  Drone  
  135  10:35  Drone  
  135  10:36  Drone x4  
  135  10:37  Drone  
  135  10:38  Drone  
  135  10:40  Drone  
  135  10:42  Drone  
  137  10:48  Swarm Host x2  
  143  10:55  Swarm Host x3  
  140  11:05  Swarm Host  
  140  11:06  Swarm Host x4  
  140  11:10  Overlord  
  151  11:12  Overlord  
  151  11:16  Swarm Host  
  151  11:18  Swarm Host  
  148  11:22  Drone x3  
  146  11:26  Drone  
  146  11:27  Drone x2  
  146  11:29  Drone  
  146  11:30  Drone  
  146  11:31  Drone  
  149  11:38  Swarm Host  
  152  11:41  Swarm Host  
Tags
 
Add a new tag
Caveats
  • Supply blocks, unpowered buildings, or Contaminate may cause inaccurate times.
  • Supply counts are checked every 10 seconds.